 Seeded DCSS version 0.31-a0-774-g0d66cbabe8 (webtiles) character file.

Game seed: 11 (custom seed)

1698 Psyclone the Destroyer (level 9, -4/51 HPs)
             Began as an Octopode Conjurer on Sept 17, 2023.
             Was an Initiate of Gozag.
             Slain by a black bear (5 damage)
             ... on level 5 of the Dungeon.
             The game lasted 00:10:33 (5031 turns).

Psyclone the Destroyer (Octopode Conjurer)          Turns: 5031, Time: 00:10:33

Health: -4/51      AC:  1    Str:  7    XL:     9   Next: 3%
Magic:  9/12       EV: 13    Int: 24    God:    Gozag
Gold:   427        SH:  0    Dex: 10    Spells: 5/12 levels left

rFire   . . .        a - +1 dagger (venom)
rCold   . . .        (no shield)
rNeg    + . .        (helmet restricted)
rPois   .            (no amulet)
rElec   .            c - ring of wizardry
rCorr   .            l - ring of positive energy
SInv    .            (no ring)
Will    .....        (no ring)
Stlth   +++          (no ring)
HPRegen 0.28/turn    (no ring)
MPRegen 0.13/turn    (no ring)
                     (no ring)

%: wizardry (x1)
@: gold aura
A: almost no armour, amphibious, 8 rings, camouflage 1, gelatinous body 1,
(nimble swimmer 1), tentacles
a: Renounce Religion, Potion Petition, Call Merchant, Bribe Branch


You were on level 5 of the Dungeon.
You worshipped Gozag.
Gozag was aware of your devotion.
You visited 1 branch of the dungeon, and saw 7 of its levels.

You collected 480 gold pieces.
You paid 53 gold pieces to Gozag.

Inventory:

Hand Weapons
 a - a +1 dagger of venom (weapon)
Armour
 j - a +0 buckler
Jewellery
 c - a ring of wizardry (left tentacle)
 l - a ring of positive energy (right tentacle)
Scrolls
 f - a scroll of fear
 g - a scroll of immolation
 h - a scroll of poison
 i - 2 scrolls of enchant weapon
 n - a scroll of noise
Potions
 b - a potion of enlightenment
 e - a potion of curing
 m - a potion of mutation


   Skills:
 - Level 2.4 Dodging
 - Level 3.4 Stealth
 - Level 2.3 Spellcasting
 + Level 11.6 Conjurations


You had 5 spell levels left.
You knew the following spells:

 Your Spells              Type           Power      Damage    Failure   Level
a - Magic Dart            Conj           100%       1d8       1%          1
b - Searing Ray           Conj           100%       2d8       1%          2
d - Fulminant Prism       Conj/Hex       15%        3d10      4%          4

Your spell library contained the following spells:

 Spells                   Type           Power      Damage    Failure   Level
 Dazzling Flash           Conj/Hex       60%        N/A       1%          3
 Sting                    Tmut/Pois      8%         1d3       4%          1
 Iskenderun's Mystic Bla  Conj/Tloc      30%        2d8       4%          4
 Volatile Blastmotes      Fire/Tloc      4%         2d10      14%         3
 Starburst                Conj/Fire      15%        6d6       52%         6
 Maxwell's Capacitive Co  Air            1%         ∞         100%        8


Dungeon Overview and Level Annotations

Branches:
Dungeon (7/15) Zot: 26830
 Temple: D:4-7

Altars:
Cheibriados
Dithmenos
Gozag
Qazlal
Sif Muna
Trog

Shops:
D:3 (


Innate Abilities, Weirdness & Mutations

You cannot wear most types of armour.
You are amphibious.
You can wear up to eight rings at the same time.
Your skin changes colour to match your surroundings (Stealth+).
Your rubbery body absorbs attacks. (AC +1, EV +1)
((You are camouflaged when in or above water. (Stealth+)))
You have tentacles for arms and can constrict up to eight enemies at once.


Message History

The centaur is lightly wounded.
The centaur hits you.
* * * LOW HITPOINT WARNING * * *
The centaur kicks you.
* * * LOW HITPOINT WARNING * * *
The centaur closely misses you. The centaur misses you.
You take 4 damage, and have 10/51 hp.
Magic courses through your body. The centaur misses you.
The centaur kicks you but does no damage.
MP restored: 12 You feel better.
The centaur hits you. The centaur closely misses you.
The centaur barely misses you. The centaur kicks you.
* * * LOW HITPOINT WARNING * * *
The black bear bites you.
* * * LOW HITPOINT WARNING * * *
The black bear claws you.
* * * LOW HITPOINT WARNING * * *
The black bear claws you.
* * * LOW HITPOINT WARNING * * *
Casting: Magic Dart (safe; 1% risk of failure)
Confirm with . or Enter, or press ? or * to list all spells.
Aiming: Searing Ray (safe; 1% risk of failure)
Press: ? - help, Shift-Dir - straight line, f - centaur
Aim: a centaur (heavily wounded, very poisoned, 90% to hit)
The searing ray hits the centaur.
The centaur is severely wounded. (Press . to maintain the ray.)
The centaur hits you.
* * * LOW HITPOINT WARNING * * *
The centaur closely misses you. The black bear bites you.
* * * LOW HITPOINT WARNING * * *
The black bear misses you. x2
You take 7 damage, and have 3/51 hp.
You now have 10/12 mp.
The searing ray hits the centaur.
You kill the centaur!
The black bear bites you.
* * * LOW HITPOINT WARNING * * *
The black bear claws you.
You die...
Your body crumbles into a pile of gold.

#<..h##.... .... ..
#......#....# ......
##.. ..c..........
...... #..#
#...........
......##... ..........
.......... #......#
.........# #....##
.......$.# ##.#..#
........@#### ##.....#
......$.$h..####.....##
..§.#.##.#..........##
§≈ # .<.#....##...##
...........#.)).#
.....##.........####
..... ##....#.)....###
..... #.##.#..#.....#
$... ...#####>....###


You could see a black bear.

Vanquished Creatures
  Prince Ribbit (D:6)
  Sigmund (D:4)
  2 steam dragons
  Edmund (D:4)
  3 black bears
  An ogre (D:4)
  A centaur (D:5)
  A bullfrog (D:6)
  2 scorpions
  2 quasits (D:5)
  An orc priest (D:5)
  A hound (D:5)
  A jelly (D:4)
  3 iguanas (D:4)
  A sleepcap (D:4)
  4 gnolls
  4 adders
  A shadow imp (D:5)
  4 white imps
  3 ufetubi
  2 worms
  3 dart slugs
  5 orcs
  5 endoplasms (D:1)
  3 giant cockroaches
  5 goblins
  6 hobgoblins
  8 kobolds
  2 quokkas
  5 ball pythons
  3 bats
  3 frilled lizards
  6 rats
94 creatures vanquished.

Notes
Turn   | Place    | Note
-------+----------+-------------------------------------------
     0 | D:1      | Psyclone the Octopode Conjurer began the quest for the Orb.
     0 | D:1      | Reached XP level 1. HP: 11/11 MP: 3/3
   189 | D:1      | Reached XP level 2. HP: 17/17 MP: 3/5
   855 | D:1      | Reached XP level 3. HP: 21/21 MP: 3/6
  1177 | D:2      | Learned a level 2 spell: Searing Ray
  1512 | D:2      | Reached XP level 4. HP: 27/27 MP: 2/7
  2170 | D:3      | Reached skill level 5 in Conjurations
  2291 | D:3      | Found a shimmering blue altar of Sif Muna.
  2308 | D:3      | Got vibrant book
  2436 | D:3      | Found a bloodstained altar of Trog.
  2485 | D:3      | Found Soytew's Antique Weapon Shop.
  2768 | D:3      | Learned a level 4 spell: Fulminant Prism
  3237 | D:3      | Found an opulent altar of Gozag.
  3245 | D:3      | Became a worshipper of Gozag Ym Sagoz the Greedy
  3250 | D:3      | Found a snail-covered altar of Cheibriados.
  3254 | D:3      | Found a stormy altar of Qazlal.
  3342 | D:4      | Reached XP level 5. HP: 31/31 MP: 0/8
  3439 | D:4      | Reached skill level 6 in Conjurations
  3516 | D:4      | Reached XP level 6. HP: 36/36 MP: 3/9
  3819 | D:4      | Noticed a black bear
  3831 | D:4      | Killed a black bear
  3832 | D:4      | Reached skill level 7 in Conjurations
  3990 | D:4      | Reached XP level 7. HP: 41/41 MP: 3/10
  4152 | D:4      | Noticed Edmund
  4163 | D:4      | Killed Edmund
  4164 | D:4      | Reached skill level 8 in Conjurations
  4318 | D:4      | Noticed Sigmund
  4324 | D:4      | Killed Sigmund
  4405 | D:4      | Reached skill level 9 in Conjurations
  4407 | D:4      | Reached XP level 8. HP: 40/46 MP: 5/11
  4567 | D:4      | You fall into a shaft and drop 3 floors!
  4639 | D:6      | Reached skill level 10 in Conjurations
  4646 | D:6      | Noticed Prince Ribbit
  4686 | D:6      | Killed Prince Ribbit
  4687 | D:6      | Reached skill level 11 in Conjurations
  4846 | D:6      | Found a shadowy altar of Dithmenos.
  4862 | D:5      | Entered Level 5 of the Dungeon
  5003 | D:5      | Reached XP level 9. HP: 51/51 MP: 7/12
  5031 | D:5      | HP: 1/51 [black bear (3)]
  5031 | D:5      | Slain by a black bear

Illustrated notes

Levels and vault maps discovered:
D:1:      dpeg_arrival_oval, layout_basic
D:2:      layout_basic
D:3:      layout_loops_ring, nzn_overflow_gifts_of_might_and_magic,
          minmay_overflow_temple_star_quad, serial_shops, shop_statue,
          grunt_ministairs_8
D:4:      layout_rooms, sigmund_edmund_badplayer, uniq_edmund
D:5:      layout_cave_pools, kennysheep_little_box, cheibrodos_sewer_entry_bend,
          serial_demonic, serial_demonic_g, serial_demonic_g, serial_demonic_d,
          serial_demonic_b, serial_demonic_b, serial_demonic_f,
          serial_demonic_a, grunt_ministairs_11
D:6:      layout_basic, grunt_dithmenos_smoke,
          grunt_temple_overflow_order_and_chaos_2, uniq_prince_ribbit1
D:7:      layout_loops_ring, minmay_temple_entry_glassed_door, serial_shops,
          nicolae_shop_rolled_up, serial_bayou_pond_e, chequers_garden

Skill      XL: |  1  2  3  4  5  6  7  8 |
---------------+-------------------------+-----
Stealth        | 3 |  3.4
Conjurations   | 5 6 7 9 11 | 11.6
Dodging        | |  2.4
Spellcasting   | |  2.3

Action                     |  1- 3 |  4- 6 |  7- 9 || total
---------------------------+-------+-------+-------++-------
  Melee: Tentacles         |     1 |     1 |     2 ||     4
         Unarmed           |     1 |       |       ||     1
         Dagger            |       |    11 |    22 ||    33
         Constrict         |       |     2 |     4 ||     6
   Cast: Magic Dart        |    67 |    93 |    15 ||   175
         Searing Ray       |       |     4 |    15 ||    19
    Use: Potion            |     1 |       |     5 ||     6
         Scroll            |       |     4 |     5 ||     9
   Stab: Sleeping          |       |     1 |     1 ||     2
 Armour: Skin              |     4 |     9 |    57 ||    70
  Dodge: Dodged            |     3 |    11 |    42 ||    56

Table legend: (Time is in decaauts)
 A = Elapsed time spent in this place.
 B = Non-inter-level travel time spent in this place.
 C = Inter-level travel time spent in this place.
 D = Time resting spent in this place.
 E = Time spent auto-exploring this place.
 F = Levels seen in this place.
 G = Mean time per level.
                   A        B        C        D        E       F      G
               +--------+--------+--------+--------+--------+-----+--------+
         Total |   5028 |   4881 |    147 |    326 |   3834 |   7 |  718.3 |
       Dungeon |   5028 |   4881 |    147 |    326 |   3834 |   7 |  718.3 |
               +--------+--------+--------+--------+--------+-----+--------+

Top non-repeatable levels by time:
     D:3: 1299 daAuts
     D:4: 1141 daAuts
     D:1: 1110 daAuts
     D:2: 1013 daAuts
     D:6: 229 daAuts
     D:5: 168 daAuts
     D:7: 64 daAuts
